 Dungeon Crawl Stone Soup version 0.23-a0-619-g281719c (console) character file.

37 Duffy the Skirmisher (level 3, 0/34 HPs)
             Began as a Naga Fighter on Dec 22, 2018.
             Succumbed to an adder's poison
             ... on level 2 of the Dungeon.
             The game lasted 00:00:45 (387 turns).

Duffy the Skirmisher (Naga Fighter)                  Turns: 387, Time: 00:00:45

Health: 0/34       AC:  4    Str: 18    XL:     3   Next: 39%
Magic:  3/3        EV:  5    Int:  9    God:
Gold:   0          SH:  8    Dex: 10    Spells: 2/2 levels left

rFire    . . .     SeeInvis +   a - +0 war axe
rCold    . . .     Gourm    .   c - +0 shield
rNeg     . . .     Faith    .   b - +0 scale mail
rPois    +         Spirit   .   (no helmet)
rElec    .         Reflect  .   (no cloak)
rCorr    .         Harm     .   (no gloves)
MR       .....                  (no barding)
Stlth    ..........             (no amulet)
HPRegen  0.11/turn              (no ring)
MPRegen  0.08/turn              (no ring)

@: lethally poisoned (0 -> -2), very slow
A: large, see invisible, deformed body, poison resistance, slowness 2, slow
metabolism 1, spit poison 1, AC +1
a: Spit Poison


You were on level 2 of the Dungeon.
You were not hungry.

You visited 1 branch of the dungeon, and saw 2 of its levels.

Inventory:

Hand Weapons
 a - a +0 war axe (weapon)
Armour
 b - a +0 scale mail (worn)
 c - a +0 shield (worn)
Scrolls
 e - a scroll of teleportation {unknown}
Potions
 d - a potion of might
Comestibles
 f - a ration


   Skills:
 - Level 3.0 Fighting
 + Level 3.0 Axes
 - Level 2.4 Armour
 + Level 3.0 Shields


You had 2 spell levels left.
You didn't know any spells.
Your spell library was empty.

Dungeon Overview and Level Annotations

Branches:
Dungeon (2/15)

Altars:


Innate Abilities, Weirdness & Mutations

You cannot wear boots.
Your serpentine skin is tough. (AC +1)
You have supernaturally acute eyesight. (SInv)
Armour fits poorly on your strangely shaped body.
Your system is resistant to poisons. (rPois)
You cover ground very slowly.
You have a slow metabolism.
You can spit poison.


Message History

The rat barely misses you.
Press: ? - help, Shift-Dir - straight line, f - rat
Aim: a rat The splash of poison hits the rat.
You kill the rat!
Your Axes skill increases to level 3!
You feel slightly more hungry. The kobold hits you but does no damage.
You barely miss the kobold.
You feel sick. You block the kobold's attack. x2
You closely miss the kobold.
You have got your breath back.
The kobold hits you with a +0 whip.
Your shield and scale mail prevent you from hitting the kobold.
You feel sick. You block the kobold's attack. x2
Okay, then.
You hit the kobold.
You kill the kobold!
There is a lethal amount of poison in your body!
You swing at nothing.
You swing at nothing.
You die...

#.. .#
.#..######.#
...........
.....%.!#.
......#..#
.....()..####
#.....#
##.)).#
##@..# #...#
#####


There were no monsters in sight!

Vanquished Creatures
  An adder (D:2)
  2 oozes (D:2)
  A dart slug (D:2)
  A giant cockroach (D:2)
  3 goblins (D:2)
  2 hobgoblins (D:2)
  A quokka (D:2)
  A frilled lizard (D:2)
  3 kobolds (D:2)
  4 rats
19 creatures vanquished.

Notes
Turn   | Place    | Note
-------+----------+-------------------------------------------
     0 | D:1      | Duffy the Naga Fighter began the quest for the Orb.
     0 | D:1      | Reached XP level 1. HP: 21/21 MP: 1/1
   234 | D:2      | Reached XP level 2. HP: 12/28 MP: 2/2
   378 | D:2      | Reached XP level 3. HP: 8/34 MP: 3/3
   383 | D:2      | HP: 1/34 [kobold/+0 whip (1)]
   387 | D:2      | Succumbed to an adder's poison

Vault maps used:
D:1:      dpeg_arrival_arbitrary_b

Skill      XL: |  1  2  3 |
---------------+----------+-----
Shields        | 3 |  3.0
Axes           | 3 |  3.0
Fighting       | |  3.0
Armour         | |  2.4

Action                   || total
-------------------------++-------
Melee: War axe           ||    33
 Abil: Spit Poison       ||     3
Armor: Scale mail        ||    16
Dodge: Dodged            ||    13
Block: Shield            ||    26

Table legend:
 A = Non-vault XP
 B = Vault XP
 C = Vault XP percentage of total XP
 D = Non-vault monster count
 E = Vault monster count
 F = Vault count percentage of total count
                 A         B        C        D         E       F
            +---------+---------+-------+---------+---------+-------
      Total |      53 |       0 |   0.0 |      19 |       0 |   0.0
            +---------+---------+-------+---------+---------+-------
        D:1 |       1 |       0 |   0.0 |       1 |       0 |   0.0
        D:2 |      52 |       0 |   0.0 |      18 |       0 |   0.0
            +---------+---------+-------+---------+---------+-------
